Map: The Vermillion Problem

Players

LilArrin

  • Race: Terran Terran
  • Spawn Location: 11:00

LilArrin

  • Race: Protoss Protoss
  • Spawn Location: 11:00

VOD

Have the link to the VOD?

Description

Time

  • Played on: Oct. 5, 2017, 1:55 a.m.
  • Length: 22:23
Show
View Real Time Build Order
Export as new Build Order

LilArrin Terran 

Build Orders:  

Get SALT Encoding   

  12  0:03  SCV  
  13  0:20  SCV  
  14  0:37  SCV  
  14  0:38  Supply Depot  
  15  0:54  SCV  
  16  1:11  SCV  
  17  1:24  Command Center  
  17  1:29  SCV  
  18  1:46  SCV  
  18  1:48  Barracks  
  19  2:03  SCV  
  20  2:22  Orbital Command  
  20  2:47  Command Center  
  20  2:58  SCV  
  21  3:04  Orbital Command  
  21  3:12  Refinery  
  21  3:14  SCV  
  22  3:22  Refinery  
  22  3:31  SCV  
  23  3:40  SCV  
  23  3:48  SCV  
  25  3:51  Combat Shields  
  25  3:57  Command Center  
  25  4:01  Barracks Tech Lab  
  25  4:15  Barracks  
  25  4:19  SCV  
  26  4:29  Orbital Command  
  26  4:36  Barracks  
  26  4:41  Marine  
  26  4:46  SCV  
  28  4:51  Marine  
  28  4:52  Barracks Reactor  
  29  5:01  Marine  
  29  5:03  SCV  
  29  5:04  Orbital Command  
  31  5:22  Marine x2  
  31  5:23  SCV x2  
  35  5:32  Marine x2  
  37  5:40  SCV  
  37  5:42  Marine  
  39  5:58  Marine  
  39  5:59  Marine  
  39  6:00  Marine  
  39  6:02  Barracks Reactor  
  39  6:06  Orbital Command  
  39  6:09  Marine x2  
  42  6:10  Marine, SCV x2  
  42  6:11  SCV  
  42  6:19  Marine x2  
  46  6:21  Marine  
  46  6:27  SCV  
  46  6:29  Marine x2  
  48  6:31  Medic  
  48  6:39  Marine x2  
  48  6:41  Marine  
  48  6:46  SCV  
  48  6:49  Marine  
  51  6:50  Marine  
  51  6:51  Medic  
  51  6:52  Marine  
  43  7:00  Marine x2  
  56  7:04  Command Center  
  56  7:05  Medic, Marine  
  61  7:18  Engineering Bay x2  
  61  7:25  Medic, Marine, SCV x2  
  66  7:34  Marine x2  
  68  7:42  Marine  
  68  7:49  Refinery  
  68  7:53  Medic, Marine x2, Supply Depot  
  68  7:54  Marine  
  68  7:55  Supply Depot  
  68  7:56  Supply Depot  
  68  7:58  Marine  
  73  8:03  Medic  
  73  8:07  Marine  
  73  8:09  Marine x2  
  73  8:11  Marine  
  73  8:13  Medic  
  73  8:14  Factory  
  73  8:17  Marine  
  73  8:19  Terran Infantry Weapons Level 1  
  66  8:24  Terran Infantry Armor Level 1  
  66  8:25  Marine  
  68  8:31  Marine x2, SCV  
  68  8:34  Marine  
  53  8:40  SCV  
  72  8:46  Orbital Command, Marine x2  
  75  8:52  SCV  
  75  8:57  Concussive Shells, SCV  
  77  9:02  Marine x2  
  77  9:08  SCV  
  80  9:12  Marine x4  
  80  9:14  Marine  
  84  9:22  Marine  
  84  9:23  Marine x2  
  84  9:25  Marine, SCV  
  84  9:26  Marine  
  87  9:33  SCV x2  
  87  9:39  Marine  
  89  9:40  Marine x2  
  92  9:52  Armory  
  92  9:53  Marine  
  92  9:57  Stabilizer Medpacks  
  92  9:59  Barracks, Marine x2  
  93  10:00  Medic  
  93  10:01  Marine  
  93  10:04  Marine  
  93  10:09  Marine  
  99  10:10  Medic, Marine  
  99  10:12  Marine  
  99  10:14  Marine  
  98  10:20  Medic, Marine x2  
  98  10:22  Marine  
  98  10:24  Marine  
  100  10:30  Marine x3  
  100  10:33  Marine, SCV  
  100  10:34  Marine  
  105  10:40  Marine x2  
  105  10:43  Marine  
  105  10:44  Marine  
  107  10:56  Barracks Tech Lab  
  107  11:00  Barracks  
  107  11:04  Medic, Marine x4, Supply Depot  
  107  11:07  Supply Depot, SCV  
  114  11:15  Medic, Marine  
  117  11:25  Medic  
  119  11:49  Marine  
  72  11:50  Medic, Marine  
  123  12:08  Marine x4, Supply Depot  
  123  12:10  Supply Depot  
  123  12:14  Supply Depot  
  123  12:16  Marine x2, Supply Depot  
  123  12:18  Marine  
  129  12:22  Barracks Reactor  
  129  12:26  Medic  
  129  12:27  Marine  
  129  12:28  Marine  
  129  12:31  Marine x3  
  129  12:36  Marine  
  129  12:37  Marine  
  129  12:38  Marine  
  126  12:41  Marine x3  
  126  12:46  Marine  
  126  12:48  Marine x2  
  119  12:51  Marine x2  
  119  12:52  Marine  
  119  12:57  Marine  
  119  12:58  Marine x2  
  117  13:01  Marine  
  117  13:02  Marine x2  
  117  13:07  Marine  
  117  13:08  Marine x2  
  122  13:10  Marine x2  
  122  13:12  Marine x3  
  122  13:17  Medic  
  122  13:18  Marine x2  
  130  13:20  Marine  
  130  13:21  Marine  
  130  13:22  Medic, Marine  
  130  13:25  Marine  
  130  13:27  Marine  
  130  13:28  Marine  
  130  13:29  Marine  
  138  13:31  Marine  
  138  13:32  Marine x3  
  138  13:36  Marine  
  138  13:38  Marauder  
  138  13:39  Marine x2  
  144  13:42  SCV  
  144  13:44  Marine  
  144  13:46  Marine  
  146  13:54  Marine x2  
  146  13:55  Marauder  
  146  13:58  SCV  
  151  14:05  Marine x3  
  151  14:06  Marauder  
  151  14:12  Marine x2  
  151  14:13  Marine  
  151  14:15  SCV  
  154  14:23  Medic  
  154  14:27  Marine x2, Supply Depot  
  154  14:28  Marine x2, Supply Depot, SCV  
  155  14:30  Marine x2, Supply Depot x2, SCV x3  
  155  14:31  Medic  
  160  14:41  Marine x2  
  160  14:42  Medic, Marine  
  160  14:47  Marine x2  
  160  14:48  Marine  
  158  14:50  Marine  
  158  14:51  Marine  
  158  14:53  Marine  
  158  14:54  Marine x2  
  158  14:57  Marine  
  158  14:58  Marine x2  
  166  15:00  Medic  
  166  15:04  Medic  
  170  15:11  Marauder, Marine x3  
  170  15:12  Marine  
  170  15:13  Marine x2  
  170  15:14  Medic  
  178  15:21  Marine x2  
  178  15:23  Medic, Marine x2  
  178  15:24  Medic  
  178  15:29  SCV  
  187  15:33  Marine  
  187  15:36  Medic, SCV  
  187  15:37  SCV, Terran Infantry Weapons Level 2  
  174  15:42  Terran Infantry Armor Level 2  
  174  15:45  Marine x3  
  174  15:47  Marine x3  
  158  15:53  Marine x2  
  158  15:55  Marine x2  
  158  15:56  Marine  
  158  15:57  Marine x2  
  147  16:00  Marine  
  147  16:03  Marine x2  
  147  16:05  Marine  
  147  16:06  Marine x2  
  147  16:07  Marine  
  147  16:08  Marine  
  145  16:10  Marine  
  145  16:19  Medic, Marine x3  
  143  16:20  Marine x2  
  143  16:21  Marine  
  143  16:22  Medic  
  143  16:29  Marine x3  
  150  16:30  Marine x2  
  150  16:31  Marine x2  
  150  16:32  Marine  
  150  16:39  Marine x2  
  101  16:40  Medic, Marine  
  151  16:42  Medic  
  158  16:51  Marine x3  
  158  16:52  Medic  
  161  17:01  Marine x2  
  161  17:04  Marine x2  
  159  17:10  Marine x3  
  159  17:12  Marine  
  159  17:13  Marine  
  159  17:15  Marine x2  
  147  17:32  Marine x4  
  147  17:33  Medic, Marauder, Marine x2  
  155  17:42  Marine  
  156  17:54  Marine x2  
  156  17:57  Marine  
  156  17:58  Medic, Marine x3  
  156  17:59  Medic  
  158  18:04  Marine x2  
  158  18:08  Marine  
  158  18:09  Marauder, Marine x2  
  168  18:10  Marine  
  168  18:11  Marauder  
  168  18:14  Marine  
  168  18:16  Marine  
  168  18:18  Marine  
  168  18:19  Marine x2  
  167  18:20  Marine  
  167  18:21  Medic  
  167  18:23  Marine  
  167  18:25  Marine  
  167  18:27  Marine  
  167  18:28  Marine  
  167  18:29  Marine  
  171  18:30  Marine x2  
  171  18:32  Marauder  
  171  18:33  Marauder  
  171  18:35  Marine  
  171  18:37  Marine  
  171  18:38  Marine  
  151  18:40  Marine x3  
  151  18:42  SCV x2  
  151  18:43  SCV  
  151  18:45  Marauder, Marine  
  151  18:46  Marauder  
  151  18:47  Marine  
  151  18:48  Marine  
  160  18:50  Marine x2  
  160  18:57  Medic  
  160  18:58  Marine x3  
  160  18:59  Marauder  
  161  19:00  Marine x2  
  161  19:02  Marine  
  161  19:07  Medic  
  161  19:08  Marine x3  
  167  19:10  Marine x2  
  167  19:11  Medic  
  167  19:12  Marine  
  167  19:17  Medic  
  167  19:18  Marine x2  
  167  19:19  Marine  
  174  19:20  Marine  
  174  19:21  Marine  
  174  19:22  Marauder, Marine  
  174  19:28  Marauder, Marine  
  174  19:29  Marine x2  
  171  19:31  Marine x2  
  177  19:52  Marine x3  
  180  20:07  Marine  
  180  20:09  Marine x3  
  180  20:11  Marine x3  
  187  20:23  Marine, Supply Depot  
  187  20:26  Marine x3, Supply Depot  
  187  20:27  Medic, Marine  
  192  20:31  Marine x2  
  192  20:33  Marine  
  192  20:36  Marine  
  192  20:37  Marine x2  
  200  20:48  Marine x3  
  200  20:49  Medic, Marine x2  
  126  20:50  Marine x2  
  186  20:58  Marine x2  
  195  21:01  Marine x2  
  195  21:06  Marine  
  200  21:20  Marine  
  200  21:22  Marine x2  
  200  21:23  Marine x2  
  200  21:25  Marine x2  
  200  21:26  Marine  
  185  21:32  Marine x3  
  185  21:34  Marine x2  
  185  21:35  Medic, Marine  
  185  21:36  Medic  
  180  21:42  Marine x2  
  180  21:43  Marine  
  180  21:44  Marine x2  
  180  21:45  Marine  
  180  21:46  Medic x2  
  173  21:52  Marine  
  173  21:53  Marine x2  
  173  21:54  Marine  
  173  21:55  Marine  
  173  21:56  Marine x3  
Show
View Real Time Build Order
Export as new Build Order

LilArrin Protoss 

Build Orders:  

Get SALT Encoding   

Tags
 
Add a new tag
Caveats
  • Supply blocks, unpowered buildings, or Contaminate may cause inaccurate times.
  • Supply counts are checked every 10 seconds.